 Dungeon Crawl Stone Soup version 0.30-a0-779-g7971cf19c3 (webtiles) character file.

Game seed: 3468966905240416728

37 Goldberg the Covered (level 3, -2/29 HPs)
             Began as a Human Fighter on Feb 17, 2023.
             Succumbed to Sigmund's poison
             ... on level 2 of the Dungeon.
             The game lasted 00:03:08 (1183 turns).

Goldberg the Covered (Human Fighter)                Turns: 1183, Time: 00:03:08

Health: -2/29      AC:  6    Str: 18    XL:     3   Next: 62%
Magic:  3/3        EV:  9    Int:  8    God:
Gold:   150        SH:  4    Dex: 12    Spells: 2/2 levels left

rFire   . . .      SeeInvis .    a - +0 rapier
rCold   . . .      Faith    .    c - +0 buckler
rNeg    . . .      Spirit   .    b - +0 scale mail
rPois   .          Reflect  .    (no helmet)
rElec   .          Harm     .    (no cloak)
rCorr   .          Rampage  .    (no gloves)
Will    .....                    (no boots) Stlth
                                 (no amulet)
HPRegen 0.24/turn                (no ring)
MPRegen 0.08/turn                (no ring)

@: lethally poisoned (-2 -> -27)
A: no striking features
a: no special abilities


You were on level 2 of the Dungeon.
You visited 1 branch of the dungeon, and saw 2 of its levels.

You collected 150 gold pieces.

Inventory:

Hand Weapons
 a - a +0 rapier (weapon)
Armour
 b - a +0 scale mail (worn)
 c - a +0 buckler (worn)
Scrolls
 f - a scroll of brand weapon {unknown}
 g - a scroll of identify {unknown}
Potions
 d - a potion of might
 e - 2 potions of ambrosia {unknown}
 h - a potion of flight {unknown}
 i - a potion of mutation {unknown}


   Skills:
 + Level 3.2 Fighting
 + Level 2.6 Short Blades
 + Level 3.4 Armour
 + Level 0.2 Dodging
 + Level 3.3 Shields


You had 2 spell levels left.
You didn't know any spells.
Your spell library contained the following spells:

 Spells                   Type           Power      Damage    Failure   Level
 Beastly Appendage        Tmut           0%         N/A       87%         1
 Lesser Beckoning         Tloc           0%         N/A       95%         2
 Wereblood                Tmut           0%         N/A       95%         2
 Gell's Gravitas          Tloc           0%         N/A       99%         3
 Spider Form              Tmut/Pois      0%         N/A       99%         3
 Teleport Other           Tloc           0%         N/A       99%         3
 Airstrike                Air            0%         2d(0-16)  100%        4
 Summon Lightning Spire   Summ/Air       0%         N/A       100%        4
 Lightning Bolt           Conj/Air       0%         1d11      100%        5


Dungeon Overview and Level Annotations

Branches:
Dungeon (2/15)

Altars:

Annotations:
D:2 Sigmund


Message History

The kobold is moderately wounded.
You block the kobold's attack.
You hit the kobold but do no damage.
The kobold is moderately wounded.
You block the kobold's attack.
You barely miss the kobold.
The kobold is moderately wounded.
The kobold hits you but does no damage. You block the kobold's attack.
You hit the kobold.
You kill the kobold!
Found 18 gold pieces.
Things that are here:
a +0 short sword; a dart slug corpse HP restored.
You now have 141 gold pieces (gained 18).
e - 2 smoky cyan potions (gained 1)
A ball python comes into view.
The ball python hisses angrily.
You hit the ball python.
You kill the ball python!
You now have 150 gold pieces (gained 9).
You open the door.
There is an open door here.
A frilled lizard and Sigmund come into view.
Sigmund is wielding a +4 scythe of venom.
Sigmund shouts!
Sigmund points at you and mumbles some strange words.
The puff of flame hits you!
Sigmund gestures wildly while chanting.
Sigmund flickers and vanishes!
Deactivating autopickup; reactivate with Ctrl-A.
Something hits you. You block the frilled lizard's attack.
You closely miss the frilled lizard. Something hits you!
* * * LOW HITPOINT WARNING * * *
You are lethally poisoned!
The frilled lizard bites you.
* * * LOW HITPOINT WARNING * * *
You closely miss the frilled lizard.
You die...

#.# #.# #.# #.# #.# #.#
#.####### #####
##'#..@..#### #...#
#....#.l....### #...#
#...##.####...## #...#
#...##...l###..###...#
#...##..#...##..##...##
#...###.# ...##.##...'.
##+## .# ...#..#...##
.. ..##.#..... #.. .
#.##'#..


You could see a frilled lizard.

Vanquished Creatures
  A dart slug (D:2)
  4 endoplasms (D:1)
  3 giant cockroaches (D:1)
  A goblin (D:1)
  5 hobgoblins (D:1)
  3 kobolds
  A quokka (D:1)
  5 ball pythons
  3 bats (D:1)
  4 frilled lizards (D:1)
  3 rats (D:1)
33 creatures vanquished.

Notes
Turn   | Place    | Note
-------+----------+-------------------------------------------
     0 | D:1      | Goldberg the Human Fighter began the quest for the Orb.
     0 | D:1      | Reached XP level 1. HP: 18/18 MP: 1/1
   193 | D:1      | Reached XP level 2. HP: 18/24 MP: 2/2
   652 | D:1      | Reached XP level 3. HP: 29/29 MP: 3/3
  1173 | D:2      | Noticed Sigmund
  1183 | D:2      | Succumbed to Sigmund's poison

Illustrated notes

Levels and vault maps discovered:
D:1:      moated_graveyard_arrival, layout_loops_corners
D:2:      minmay_evil_eye, layout_basic, serial_shops, nicolae_diamond_shop,
          basic_altar, kennysheep_generic_room_15, uniq_sigmund

Action                     || total
---------------------------++-------
  Melee: Rapier            ||   118
 Armour: Scale mail        ||    62
  Dodge: Dodged            ||    45
  Block: Buckler           ||    29

Table legend: (Time is in decaauts)
 A = Elapsed time spent in this place.
 B = Non-inter-level travel time spent in this place.
 C = Inter-level travel time spent in this place.
 D = Time resting spent in this place.
 E = Time spent auto-exploring this place.
 F = Levels seen in this place.
 G = Mean time per level.
                   A        B        C        D        E       F      G
               +--------+--------+--------+--------+--------+-----+--------+
         Total |   1196 |   1153 |     43 |      0 |    826 |   2 |  598.0 |
       Dungeon |   1196 |   1153 |     43 |      0 |    826 |   2 |  598.0 |
               +--------+--------+--------+--------+--------+-----+--------+

Top non-repeatable levels by time:
     D:1: 1113 daAuts
     D:2: 82 daAuts
